[Event "41st Amateur D7"]
[Site "ChessGUI4"]
[Date "2013.07.08"]
[Round "20.4"]
[White "FireFly 2.6.0 64-bit"]
[Black "MadChess 1.2"]
[Result "1-0"]
[BlackElo "2200"]
[ECO "D12"]
[EventDate "2013.??.??"]
[TimeControl "40/1500:40/1500:40/1500"]
[WhiteElo "2258"]

{ i5 Quad } 1.d4 d5 2.c4 c6 3.Nf3 Nf6 4.e3 Bf5 5.Nc3 e6 6.Nh4 Bg6 7.Nxg6 hxg6 8.g3 Nbd7 9.Qb3 Qb6 { [%eval -27,10] [%emt 0:00:37] (Qc7) } 10.Be2
{ [%eval 20,12] [%emt 0:00:56] (Bd2) } 10...Bb4
{ [%eval -7,11] [%emt 0:00:56] (O-O-O) } 11.O-O
{ [%eval 47,12] [%emt 0:00:56] (f3) } 11...O-O-O
{ [%eval -29,10] [%emt 0:00:29] (Ba5) } 12.c5
{ [%eval 66,13] [%emt 0:00:55] (cxd5) } 12...Qa5
{ [%eval -39,12] [%emt 0:00:32] (Qa5) } 13.Bd2
{ [%eval 54, 12] [%emt 0:00:54] (Bd2) } 13...Bxc3
{ [%eval -14,11] [%emt 0:00:25] (Kb8) } 14.Bxc3
{ [%eval 85,13] [%emt 0:00:53] (Bxc3) } 14...Qc7
{ [%eval -47,12] [%emt 0:00:36] (Qc7) } 15.Qa3
{ [%eval 83,13] [%emt 0:00:52] (Qa3) } 15...Kb8
{ [%eval -32,12] [%emt 0:00:24] (Qb8) } 16.Ba5
{ [%eval 113,13] [%emt 0:00:51] (f3) } 16...b6
{ [%eval -58,13] [%emt 0: 00:39] (b6) } 17.Bb4
{ [%eval 98,12] [%emt 0:00:51] (Bb4) } 17...Ne4
{ [%eval -58,12] [%emt 0:00:18] (Ne4) } 18.cxb6
{ [%eval 96,12] [%emt 0:00:50] (Rac1) } 18...axb6
{ [%eval -30,12] [%emt 0:00:28] (axb6) } 19.Rfc1
{ [%eval 100,11] [%emt 0:00:41] (Rfc1) } 19...c5
{ [%eval -30,11] [%emt 0:00:16] (Rh3) } 20.dxc5
{ [%eval 120,12] [%emt 0:00:40] (dxc5) } 20...Ndxc5
{ [%eval -43,11] [%emt 0:00:25] (Ndxc5) } 21.Bxc5
{ [%eval 101,11] [%emt 0:00:40] (Be1) } 21...bxc5
{ [%eval -11,11] [%emt 0:00:46] (bxc5) } 22.Bf3
{ [%eval 120,11] [%emt 0:00:40] (Qb3) } 22...Ng5
{ [%eval -62,13] [%emt 0:00: 43] (Ng5) } 23.Bg2
{ [%eval 97,11] [%emt 0:00:39] (Bg2) } 23...Rc8
{ [%eval -94,13] [%emt 0:00:23] (Rc8) } 24.Rc3
{ [%eval 140,12] [%emt 0:00:39] (h4) } 24...Qa7
{ [%eval -97,14] [%emt 0:00:49] (Qa7) } 25.Qb3+
{ [%eval 169,12] [%emt 0:00:38] (Qb3) } 25...Kc7
{ [%eval -115,14] [%emt 0:04:01] (Qb7) } 26.h4
{ [%eval 162,12] [%emt 0:00:38] (h4) } 26...Nh7
{ [%eval -83,13] [%emt 0:03:12] (Nh7) } 27.Bxd5
{ [%eval 166, 11] [%emt 0:00:37] (Qc2) } 27...Rb8
{ [%eval -145,13] [%emt 0:00:59] (Rb8) } 28.Qc2
{ [%eval 220,11] [%emt 0:00:29] (Qc4) } 28...exd5
{ [%eval -89,12] [%emt 0:00:20] (exd5) } 29.Rxc5+
{ [%eval 202,11] [%emt 0:00:29] (Rxc5) } 29...Kd8
{ [%eval -140,12] [%emt 0:00:55] (Kd8) } 30.Rc1
{ [%eval 302,11] [%emt 0:00:29] (Rxd5) } 30...Qb6
{ [%eval -190,13] [%emt 0:00:30] (Qb6) } 31.Rc6
{ [%eval 426,12] [%emt 0:00:19] (Rc6) } 31...Qxb2
{ [%eval -400,12] [%emt 0:00:19] (Qxb2) } 32.Rc8+
{ [%eval 740,13] [%emt 0: 00:42] (Rc8) } 32...Rxc8
{ [%eval -452,16] [%emt 0:00:22] (Rxc8) } 33.Qxc8+
{ [%eval 740,12] [%emt 0:00:18] (Qxc8) } 33...Ke7
{ [%eval -452,16] [%emt 0:00:00] (Ke7) } 34.Rc7+ Kd6
{ [%eval -528,14] [%emt 0:00:38] (Kf6) } 35.Rd7+
{ [%eval -31790,11] [%emt 0:00:23] (Rd7) } 35...Ke5
{ [%eval 31756,14] [%emt 0:00:34] (Ke6) } 36.Qc7+
{ [%eval -31782,12] [%emt 0:00:20] (Qc7) } 36...Ke4
{ [%eval 31758,16] [%emt 0:00:44] (Ke4) } 37.Qf4+
{ [%eval -31780,11] [%emt 0:00:04] (Qf4) } 37...Kd3
{ [%eval 31758,16] [%emt 0:00:00] (Kd3) } 1-0

[Event "41st Amateur D7"]
[Site "ChessGUI4"]
[Date "2013.07.08"]
[Round "20.5"]
[White "ChessKiss 1.7 64-bit"]
[Black "Shallow 1.0 64-bit"]
[Result "1-0"]
[BlackElo "2200"]
[ECO "C43"]
[EventDate "2013.??.??"]
[TimeControl "40/1500:40/1500:40/1500"]
[WhiteElo "2214"]

{ i5 Quad } 1.e4 e5 2.Nf3 Nf6 3.d4 Nxe4 4.Bd3 d5 5.Nxe5 Nd7 6.Nxd7 Bxd7 7.O-O Bd6 8.Nc3 Nxc3 9.bxc3 Qh4 { [%eval 7,13] [%emt 0:00:42] (O-O) } 10.Re1+
{ [%eval 95,13] [%emt 0:00:39] (g3) } 10...Kf8
{ [%eval 0,14] [%emt 0:00:42] (Kf8) } 11.g3
{ [%eval 99,14] [%emt 0:00:39] (g3) } 11...Qg4
{ [%eval 4,14] [%emt 0:00:42] (Qg4) } 12.Be2
{ [%eval 92,13] [%emt 0:00:44] (Be2) } 12...Qg6
{ [%eval 0,14] [%emt 0:00:42] (Qf5) } 13.Rb1
{ [%eval 99,13] [%emt 0: 00:40] (Bd3) } 13...Rb8
{ [%eval 4,14] [%emt 0:00:42] (Rb8) } 14.Bd3
{ [%eval 94,13] [%emt 0:00:36] (Bd3) } 14...Qg4
{ [%eval 1,14] [%emt 0:00:42] (Qg4) } 15.Be2
{ [%eval 99,13] [%emt 0:00:35] (Be2) } 15...Qg6
{ [%eval 0,14] [%emt 0:00:42] (Qf5) } 16.Bd3
{ [%eval 94,13] [%emt 0:00:35] (Bd3) } 16...Qg4
{ [%eval 0,15] [%emt 0:00:42] (Qg4) } 17.f3
{ [%eval 88,13] [%emt 0:00:33] (Be2) } 17...Qh3
{ [%eval 19,12] [%emt 0:00:42] (Qh5) } 18.c4
{ [%eval 107,11] [%emt 0:00:32] (Ba6) } 18...dxc4
{ [%eval 17,12] [%emt 0:00: 42] (dxc4) } 19.Bxc4
{ [%eval 84,11] [%emt 0:00:31] (Bxc4) } 19...Kg8
{ [%eval 13,12] [%emt 0:00:42] (h5) } 20.Qd2
{ [%eval 111,10] [%emt 0:00:31] (Be3) } 20...Qf5
{ [%eval 20,11] [%emt 0:00:42] (Qh5) } 21.Qg5
{ [%eval 90,10] [%emt 0:00:30] (Bd3) } 21...Qxg5
{ [%eval 12,13] [%emt 0:00:42] (Qxg5) } 22.Bxg5
{ [%eval 82,12] [%emt 0: 00:29] (Bxg5) } 22...Bf5
{ [%eval 0,12] [%emt 0:01:07] (Kf8) } 23.Bf4
{ [%eval 97,12] [%emt 0:00:28] (Bf4) } 23...Kf8
{ [%eval -13,14] [%emt 0:00:41] (Kf8) } 24.Bxd6+
{ [%eval 87,13] [%emt 0:00:27] (Bxd6) } 24...cxd6
{ [%eval -15,15] [%emt 0:00:41] (cxd6) } 25.Re2
{ [%eval 84,14] [%emt 0:00:26] (Bd5) } 25...f6
{ [%eval -9,12] [%emt 0:00:41] (Bd7) } 26.Bd5
{ [%eval 167,13] [%emt 0:00:21] (Ba6) } 26...b5
{ [%eval -17,14] [%emt 0:00:41] (b5) } 27.Rb3
{ [%eval 199,14] [%emt 0:00:23] (Rb2) } 27...a6
{ [%eval -79,14] [%emt 0:00:41] (b4) } 28.Ra3
{ [%eval 217,14] [%emt 0:00:17] (Rc3) } 28...Bc8
{ [%eval -98,15] [%emt 0:00:41] (Bc8) } 29.Rae3
{ [%eval 232,14] [%emt 0:00:24] (Rae3) } 29...Bd7
{ [%eval -105,15] [%emt 0:00:41] (Bf5) } 30.Re7
{ [%eval 236,13] [%emt 0:00:23] (Re7) } 30...Be8
{ [%eval -107,14] [%emt 0:00:41] (Be8) } 31.Ra7
{ [%eval 251,13] [%emt 0:00:22] (Ra7) } 31...a5
{ [%eval -115,14] [%emt 0:00:41] (Rd8) } 32.Ra6
{ [%eval 259,12] [%emt 0:00:22] (Rxa5) } 32...a4
{ [%eval -83,14] [%emt 0:00: 41] (b4) } 33.Rxd6
{ [%eval 316,13] [%emt 0:00:21] (Rxd6) } 33...b4
{ [%eval -86,14] [%emt 0:00:41] (Bf7) } 34.Bc4
{ [%eval 339,12] [%emt 0:00:21] (Re3) } 34...h5
{ [%eval -81,13] [%emt 0:00:41] (Bg6) } 35.d5
{ [%eval 344,12] [%emt 0:00:20] (h4) } 35...a3
{ [%eval -83,13] [%emt 0:00:41] (h4) } 36.Bd3
{ [%eval 384,12] [%emt 0:00: 19] (h4) } 36...h4
{ [%eval -82,14] [%emt 0:00:41] (Rh6) } 37.g4
{ [%eval 377,13] [%emt 0:00:19] (g4) } 37...h3
{ [%eval -95,14] [%emt 0:00:41] (h3) } 38.Kf2
{ [%eval 386,13] [%emt 0:00:17] (Kf2) } 38...Bf7
{ [%eval -99,14] [%emt 0:00:41] (Rh6) } 39.Kg3
{ [%eval 392,13] [%emt 0:00:18] (Ke3) } 39...Rh6
{ [%eval -95,14] [%emt 0:00:41] (Be8) } 40.Rd7
{ [%eval 393,13] [%emt 0:00:17] (Re3) } 40...g6
{ [%eval -92,13] [%emt 0:00:41] (g5) } 41.Re4
{ [%eval 439,14] [%emt 0:01:00] (c4) } 41...Bg8
{ [%eval -144,14] [%emt 0:00:37] (Kg8) } 42.f4
{ [%eval 456,14] [%emt 0:00:58] (Rd6) } 42...Rh7
{ [%eval -179, 14] [%emt 0:00:37] (Bf7) } 43.Rd6
{ [%eval 512,15] [%emt 0:00:56] (Rd6) } 43...Rf7
{ [%eval -190,14] [%emt 0:00:37] (Kg7) } 44.Kxh3
{ [%eval 498,14] [%emt 0:00:55] (Kxh3) } 44...Bh7
{ [%eval -192,14] [%emt 0:00:37] (Kg7) } 45.Rd4
{ [%eval 525,12] [%emt 0:00:53] (Rc6) } 45...f5
{ [%eval -190,12] [%emt 0:00:37] (g5) } 46.Kh4
{ [%eval 567,14] [%emt 0:00:51] (Rc6) } 46...Rbb7
{ [%eval -215,13] [%emt 0:01:18] (Re7) } 47.Re6
{ [%eval 591,13] [%emt 0:00:50] (Rc6) } 47...Rfd7
{ [%eval -201,13] [%emt 0: 00:36] (fxg4) } 48.Kg5
{ [%eval 607,13] [%emt 0:00:48] (Kg5) } 48...fxg4
{ [%eval -222, 13] [%emt 0:00:36] (fxg4) } 49.Rf6+
{ [%eval 559,12] [%emt 0:00:47] (Kxg4) } 49...Kg7
{ [%eval -192,13] [%emt 0:00:36] (Kg7) } 50.Re6
{ [%eval 553,13] [%emt 0:00:46] (d6) } 50...Kh8
{ [%eval -213,13] [%emt 0:00:36] (Rbc7) } 51.Bxg6
{ [%eval 597,13] [%emt 0:00:44] (Re8) } 51...Bxg6
{ [%eval -204,13] [%emt 0:00:36] (Rb5) } 52.Kxg6
{ [%eval 677,14] [%emt 0:00:43] (Kxg6) } 52...Rg7+
{ [%eval -216,12] [%emt 0:00:36] (Rg7) } 53.Kf5
{ [%eval 676,14] [%emt 0:00:32] (Kf5) } 53...Rb5
{ [%eval -238,13] [%emt 0:01:17] (Rbf7) } 54.Ke4
{ [%eval 692,13] [%emt 0:00:41] (Re5) } 54...Rd7
{ [%eval -260,13] [%emt 0:01:14] (Rd7) } 55.d6
{ [%eval 697,13] [%emt 0:00:40] (d6) } 55...Kg7
{ [%eval -262,13] [%emt 0:00:33] (Kg7) } 56.f5
{ [%eval 693,14] [%emt 0:00:39] (f5) } 56...Kf7
{ [%eval -275,13] [%emt 0:00:34] (Rc5) } 57.Rd2
{ [%eval 694, 14] [%emt 0:00:37] (Rh6) } 57...Rc5
{ [%eval -260,14] [%emt 0:00:33] (Rc5) } 58.Kf4
{ [%eval 800,15] [%emt 0:00:37] (Kf4) } 58...Rc4+
{ [%eval -262,13] [%emt 0:00:33] (Rc4) } 59.Kg5
{ [%eval 794,15] [%emt 0:00:36] (Kg3) } 59...Rc8
{ [%eval -289,13] [%emt 0: 00:33] (Rc8) } 60.Rf6+
{ [%eval 809,14] [%emt 0:00:35] (Kxg4) } 60...Kg7
{ [%eval -289, 13] [%emt 0:00:33] (Kg8) } 61.Rg6+
{ [%eval 792,14] [%emt 0:00:33] (Re6) } 61...Kf7
{ [%eval -290,13] [%emt 0:00:34] (Kf8) } 62.Kxg4
{ [%eval 799,14] [%emt 0:00:32] (Kxg4) } 62...Rh8
{ [%eval -294,12] [%emt 0:00:33] (Re8) } 63.h4
{ [%eval 950,15] [%emt 0:00:30] (Kg5) } 63...Re8
{ [%eval -310,13] [%emt 0:00:33] (Re8) } 64.Kf4
{ [%eval 965,14] [%emt 0:00:31] (Kg5) } 64...Re1
{ [%eval -299,13] [%emt 0:00:33] (Re1) } 65.h5
{ [%eval 960,14] [%emt 0:00:30] (Rh6) } 65...Rf1+
{ [%eval -323,12] [%emt 0:00: 33] (Rf1) } 66.Kg5
{ [%eval 945,13] [%emt 0:00:29] (Kg5) } 66...Rd8
{ [%eval -327,13] [%emt 0:00:33] (Re1) } 67.Rf6+
{ [%eval 985,13] [%emt 0:00:28] (Rf6) } 67...Kg8
{ [%eval -340,12] [%emt 0:00:33] (Kg7) } 68.Kh6
{ [%eval 1648,15] [%emt 0:00:27] (d7) } 68...Rg1
{ [%eval -1224,15] [%emt 0:00:34] (Rg1) } 69.d7
{ [%eval 2200,16] [%emt 0:00:25] (d7) } 69...Rg7
{ [%eval -1283,15] [%emt 0:00:33] (Rg7) } 70.Rg6
{ [%eval 2203,15] [%emt 0:00:26] (Rg6) } 70...Kf7
{ [%eval -2335,14] [%emt 0:00:33] (Kf7) } 71.Rxg7+
{ [%eval 2142,14] [%emt 0:00:25] (Rxg7) } 71...Kf6
{ [%eval 30819,14] [%emt 0:00:19] (Kf6) } 1-0

[Event "41st Amateur D7"]
[Site "ChessGUI4"]
[Date "2013.07.08"]
[Round "21.1"]
[White "Butcher 1.64 64-bit"]
[Black "Carballo 0.8"]
[Result "1-0"]
[BlackElo "2273"]
[ECO "D20"]
[EventDate "2013.??.??"]
[TimeControl "40/1500:40/1500:40/1500"]
[WhiteElo "2355"]

{ i5 Quad } 1.d4 d5 2.c4 dxc4 3.e4 e5 4.Nf3 Bb4+ 5.Nc3 exd4 6.Nxd4 Ne7 7.Bxc4 Nbc6 8.Be3 O-O 9.Nxc6 Bxc3+ { [%eval -17,13] [%emt 0:00:37] (Nxc6) } 10.bxc3
{ [%eval 40,12] [%emt 0:01:00] (bxc3) } 10...Nxc6
{ [%eval -26,15] [%emt 0:00:36] (Nxc6) } 11.Qxd8
{ [%eval 42,12] [%emt 0:00:59] (O-O) } 11...Rxd8
{ [%eval -26,15] [%emt 0:00:35] (Rxd8) } 12.Bf4
{ [%eval 35,12] [%emt 0:00:52] (Bf4) } 12...Be6
{ [%eval -8,14] [%emt 0:00:34] (Be6) } 13.Be2
{ [%eval 40,13] [%emt 0:01:04] (Be2) } 13...Rd7
{ [%eval -8,14] [%emt 0:00:33] (Rac8) } 14.O-O
{ [%eval 33,12] [%emt 0:01:04] (O-O) } 14...Rad8
{ [%eval -9,13] [%emt 0:00:32] (f6) } 15.f3
{ [%eval 29,12] [%emt 0:01:02] (Bb5) } 15...Ne7
{ [%eval 5,14] [%emt 0:00: 32] (Na5) } 16.a4
{ [%eval 43,13] [%emt 0:01:01] (a4) } 16...c6
{ [%eval 1,13] [%emt 0: 00:31] (Ng6) } 17.Rfd1
{ [%eval 54,12] [%emt 0:01:00] (Rfd1) } 17...f5
{ [%eval 4,15] [%emt 0:00:30] (f6) } 18.Rxd7
{ [%eval 60,12] [%emt 0:00:59] (Rxd7) } 18...Rxd7
{ [%eval 2,16] [%emt 0:00:29] (Rxd7) } 19.a5
{ [%eval 68,12] [%emt 0:00:58] (exf5) } 19...fxe4
{ [%eval 18,15] [%emt 0:00:29] (a6) } 20.fxe4
{ [%eval 67,12] [%emt 0:00: 57] (fxe4) } 20...Ng6
{ [%eval 24,16] [%emt 0:00:28] (b5) } 21.Be3
{ [%eval 61,13] [%emt 0:00:48] (Be3) } 21...a6
{ [%eval 24,15] [%emt 0:00:27] (a6) } 22.Kf2
{ [%eval 55,12] [%emt 0:00:48] (Re1) } 22...Ne5
{ [%eval 18,14] [%emt 0:00:26] (Ne5) } 23.Bd4
{ [%eval 51,12] [%emt 0:00:46] (Bd4) } 23...Nc4
{ [%eval 23,14] [%emt 0:00:26] (Nc4) } 24.e5
{ [%eval 44,12] [%emt 0:00:46] (Bxc4) } 24...Rf7+
{ [%eval 36,15] [%emt 0:00:25] (Nd2) } 25.Kg1
{ [%eval 50,13] [%emt 0:00:45] (Kg1) } 25...h6
{ [%eval 36,15] [%emt 0: 00:24] (h6) } 26.Ra4
{ [%eval 46,12] [%emt 0:00:45] (h4) } 26...Nd2
{ [%eval 32,14] [%emt 0:00:24] (Nd2) } 27.Bd3
{ [%eval 35,11] [%emt 0:00:44] (h4) } 27...Rd7
{ [%eval 45,14] [%emt 0:00:23] (Bf5) } 28.Kf2
{ [%eval 22,12] [%emt 0:00:43] (Bg6) } 28...c5
{ [%eval 64,13] [%emt 0:00:23] (c5) } 29.Ke2
{ [%eval 34,12] [%emt 0:00:42] (Ke2) } 29...Nb3
{ [%eval 50,14] [%emt 0:00:22] (Bb3) } 30.Be3
{ [%eval 24,13] [%emt 0:00:41] (Be3) } 30...Re7
{ [%eval 60,13] [%emt 0:00:21] (Rd5) } 31.Be4
{ [%eval 37,11] [%emt 0: 00:40] (Bc2) } 31...g5
{ [%eval 51,12] [%emt 0:00:21] (c4) } 32.Kf2
{ [%eval 22,11] [%emt 0:00:39] (h4) } 32...Kg7
{ [%eval 58,12] [%emt 0:00:20] (Bf7) } 33.Bf3
{ [%eval 20,11] [%emt 0:00:34] (Bc2) } 33...Bd7
{ [%eval 62,13] [%emt 0:00:20] (Bf5) } 34.Ra3
{ [%eval 15,13] [%emt 0:00:27] (Ra3) } 34...Be6
{ [%eval 52,15] [%emt 0:00:19] (c4) } 35.g3
{ [%eval 7,11] [%emt 0:00:28] (g4) } 35...Bc4
{ [%eval 66,12] [%emt 0:00:19] (Rf7) } 36.Ra4
{ [%eval 27,12] [%emt 0:00:27] (h4) } 36...Bb5
{ [%eval 58,14] [%emt 0:00:18] (Bf7) } 37.Ra3
{ [%eval 15,12] [%emt 0:00:25] (Ra3) } 37...Bc4
{ [%eval 43,14] [%emt 0: 00:18] (c4) } 38.h4
{ [%eval 42,12] [%emt 0:00:19] (h4) } 38...Rxe5
{ [%eval 33,13] [%emt 0:00:17] (gxh4) } 39.hxg5
{ [%eval 56,12] [%emt 0:00:21] (Bxb7) } 39...hxg5
{ [%eval 61,15] [%emt 0:00:17] (hxg5) } 40.g4
{ [%eval 0,13] [%emt 0:00:18] (g4) } 40...Re7
{ [%eval 58,15] [%emt 0:00:17] (Kf6) } 41.Bxg5
{ [%eval 89,14] [%emt 0:00:44] (Bxg5) } 41...Rd7
{ [%eval 51,17] [%emt 0:00:54] (Rd7) } 42.Be3
{ [%eval 61,13] [%emt 0:01:14] (Be4) } 42...Bg8
{ [%eval 49,15] [%emt 0:00:52] (Be6) } 43.Be4
{ [%eval 67,13] [%emt 0:00:48] (g5) } 43...Re7
{ [%eval 46,16] [%emt 0:00:51] (c4) } 44.Bf3
{ [%eval 72,13] [%emt 0:00:48] (Bc2) } 44...Rd7
{ [%eval 52,15] [%emt 0:00:50] (c4) } 45.Be4
{ [%eval 68,13] [%emt 0:00:47] (g5) } 45...Re7
{ [%eval 48,15] [%emt 0:00:48] (c4) } 46.Kf3
{ [%eval 73,13] [%emt 0:00:51] (Bf3) } 46...Rf7+
{ [%eval 35,16] [%emt 0:00:47] (c4) } 47.Kg3
{ [%eval 88,13] [%emt 0:00:51] (Kg3) } 47...Re7
{ [%eval 25,17] [%emt 0: 00:46] (c4) } 48.Kf4
{ [%eval 80,13] [%emt 0:00:51] (Kf4) } 48...Rf7+
{ [%eval 20,16] [%emt 0:00:45] (c4) } 49.Bf5
{ [%eval 87,14] [%emt 0:00:50] (Bf5) } 49...Re7
{ [%eval 16,15] [%emt 0:00:44] (Rf8) } 50.g5
{ [%eval 115,13] [%emt 0:00:46] (Ra2) } 50...Bd5
{ [%eval -11,15] [%emt 0:00:43] (Re8) } 51.Ra2
{ [%eval 127,13] [%emt 0:00:44] (Ra2) } 51...Be6
{ [%eval -17,15] [%emt 0:00:42] (Be6) } 52.Be4
{ [%eval 135,13] [%emt 0:00:42] (Be4) } 52...Rf7+
{ [%eval -21,16] [%emt 0:00:40] (Bf7) } 53.Ke5
{ [%eval 160, 14] [%emt 0:00:48] (Ke5) } 53...Re7
{ [%eval -26,16] [%emt 0:00:39] (Bc4) } 54.Kd6
{ [%eval 164,13] [%emt 0:00:40] (Kd6) } 54...Re8
{ [%eval -34,17] [%emt 0:00:39] (Re8) } 55.Bf4
{ [%eval 198,12] [%emt 0:00:40] (Bxb7) } 55...Bc4
{ [%eval -38,16] [%emt 0:00: 37] (Bc4) } 56.Be5+
{ [%eval 188,13] [%emt 0:01:03] (Bxb7) } 56...Kg8
{ [%eval -47,17] [%emt 0:00:37] (Kf8) } 57.Bf5
{ [%eval 240,13] [%emt 0:00:38] (Bd5) } 57...Nd4
{ [%eval -67,16] [%emt 0:00:36] (Nd4) } 58.cxd4
{ [%eval 270,14] [%emt 0:00:33] (cxd4) } 58...Bxa2
{ [%eval -115,18] [%emt 0:00:35] (Bxa2) } 59.Kxc5
{ [%eval 263,15] [%emt 0:00:38] (Kxc5) } 59...Rd8
{ [%eval -121,17] [%emt 0:00:34] (Rd8) } 60.Be4
{ [%eval 309,15] [%emt 0:00:37] (Be4) } 60...Rd7
{ [%eval -126,17] [%emt 0:00:33] (Rd7) } 61.d5
{ [%eval 352,15] [%emt 0:00:37] (g6) } 61...Re7
{ [%eval -132,18] [%emt 0:00:32] (Re7) } 62.Kd4
{ [%eval 395,15] [%emt 0:00:36] (Kd4) } 62...Rf7
{ [%eval -144,18] [%emt 0:00:31] (Rf7) } 63.d6
{ [%eval 476,14] [%emt 0:00:36] (d6) } 63...Be6
{ [%eval -255,15] [%emt 0:00:31] (Be6) } 64.Bf6
{ [%eval 493,13] [%emt 0:00:35] (Bf6) } 64...Bc8
{ [%eval -269,16] [%emt 0:00:30] (Rf8) } 65.Bd5
{ [%eval 532,14] [%emt 0:00: 35] (Ke5) } 65...Kf8
{ [%eval -536,20] [%emt 0:00:29] (Kf8) } 66.Ke5
{ [%eval 538,14] [%emt 0:00:33] (Ke5) } 66...Bd7
{ [%eval -608,19] [%emt 0:00:28] (Rh7) } 67.g6
{ [%eval 1090,14] [%emt 0:00:30] (g6) } 67...Rg7
{ [%eval -648,20] [%emt 0:00:28] (Rg7) } 68.Bxg7+
{ [%eval 1238,14] [%emt 0:00:31] (Bxg7) } 68...Kxg7
{ [%eval -1364,21] [%emt 0:00:27] (Kxg7) } 1-0

[Event "41st Amateur D7"]
[Site "ChessGUI4"]
[Date "2013.07.08"]
[Round "21.2"]
[White "Tigran 2.3 64-bit"]
[Black "Gibbon 2.57a 64-bit"]
[Result "0-1"]
[BlackElo "2251"]
[ECO "E11"]
[EventDate "2013.??.??"]
[TimeControl "40/1500:40/1500:40/1500"]
[WhiteElo "2289"]

{ i5 Quad } 1.d4 Nf6 2.c4 e6 3.Nf3 Bb4+ 4.Nbd2 a5 5.a3 Bxd2+ 6.Bxd2 a4 7.Bg5 h6 8.Bh4 c5 9.e3 Nc6
{ [%eval -28,15] [%emt 0:01:49] (g5) } 10.Bd3
{ [%eval 70,13] [%emt 0:00:42] (Bxf6) } 10...g5
{ [%eval -11,14] [%emt 0:00:45] (d6) } 11.Bg3
{ [%eval 88,13] [%emt 0:00:42] (Bg3) } 11...Qa5+
{ [%eval -25,14] [%emt 0:01:37] (d6) } 12.Kf1
{ [%eval 118,12] [%emt 0:00:42] (Qd2) } 12...Qb6
{ [%eval -11,13] [%emt 0:01:31] (d5) } 13.Qc1
{ [%eval 123,12] [%emt 0:00:43] (Be5) } 13...g4
{ [%eval -18,13] [%emt 0:00:31] (Nh5) } 14.dxc5
{ [%eval 136, 14] [%emt 0:00:43] (dxc5) } 14...Qxc5
{ [%eval -44,14] [%emt 0:00:18] (Qxc5) } 15.Qc3
{ [%eval 148,14] [%emt 0:00:43] (Qc3) } 15...gxf3
{ [%eval -45,15] [%emt 0:01:09] (Qe7) } 16.Qxf6
{ [%eval 147,13] [%emt 0:00:41] (Qxf6) } 16...fxg2+
{ [%eval -57,14] [%emt 0:00:24] (fxg2) } 17.Kxg2
{ [%eval 153,14] [%emt 0:00:43] (Kxg2) } 17...Rf8
{ [%eval -57,13] [%emt 0:00:51] (Rg8) } 18.Qxh6
{ [%eval 155,11] [%emt 0:00:43] (Qxh6) } 18...b6
{ [%eval -47,11] [%emt 0:00:12] (Ne5) } 19.Rhd1
{ [%eval 155,12] [%emt 0:00: 44] (Qf6) } 19...Bb7
{ [%eval -49,12] [%emt 0:00:31] (Bb7) } 20.Be4
{ [%eval 136,12] [%emt 0:00:44] (Qf4) } 20...Rg8
{ [%eval -55,12] [%emt 0:00:44] (Qxc4) } 21.Kg1
{ [%eval 98,12] [%emt 0:00:44] (Qf4) } 21...O-O-O 22.Bh7
{ [%eval 63,12] [%emt 0:00:44] (Rac1) } 22...Rg4
{ [%eval 32,11] [%emt 0:00:14] (Ne5) } 23.h3
{ [%eval 85,12] [%emt 0:00:45] (Bc2) } 23...Rg5
{ [%eval 48,12] [%emt 0:00:11] (Rg5) } 24.Bc2
{ [%eval 66,12] [%emt 0:00:45] (Be4) } 24...Rdg8
{ [%eval 52,12] [%emt 0:00:58] (Ne5) } 25.h4
{ [%eval 3,12] [%emt 0:00:45] (Kh2) } 25...Rg4
{ [%eval 55,11] [%emt 0:00:14] (Rh5) } 26.Kf1
{ [%eval 0,11] [%emt 0:00:42] (Kf1) } 26...Ba6
{ [%eval 45,10] [%emt 0:00:12] (Ne5) } 27.e4
{ [%eval -94,10] [%emt 0:00:46] (Bd3) } 27...Rxg3
{ [%eval 823,12] [%emt 0:00:12] (Bxc4) } 28.fxg3
{ [%eval -923,12] [%emt 0:00:46] (Bd3) } 28...Rxg3
{ [%eval 916,11] [%emt 0:00:05] (Rxg3) } 29.Qh8+
{ [%eval -1437,12] [%emt 0:00:47] (Ke1) } 29...Kc7
{ [%eval 2248,14] [%emt 0:00:16] (Kc7) } 30.Rxd7+
{ [%eval -2340,12] [%emt 0:00:47] (Rxd7) } 30...Kxd7
{ [%eval 2248,10] [%emt 0:00:00] (Kxd7) } 31.Rd1+
{ [%eval -16938,12] [%emt 0:00:47] (Rd1) } 0-1